AoeStats
← kimboy9420

Black Forest

509862193Analyzed
3v3 RM · 3d ago on Sep 28, 2026· 49m 19s· 6 players
Game mode
Random Map
Map size
Normal (6 player)
Population
200
Speed
Normal
Resources
Standard
Victory
Conquest
Starting age
Dark Age
Ending age
Imperial Age
RankedLock teamsTeams togetherTeam positionsShared explorationLock speedFull tech treeHidden civsTurbo modeCheats
Victory
Defeat
🇬🇧 Britons · United Kingdom
1000
+13
🇵🇪 Chinese · Peru
951
+15
🇮🇳 Persians · India
949
+15
🇹🇼 Mongols · Taiwan
1015
-18
🇹🇼 Byzantines · Taiwan
941
-41
🇹🇼 Britons · Taiwan
827
-10
Donelson
10:44 Loom
12:47 Feudal Age
17:30 Castle Age
16:40 Double-Bit Axe
22:27 Town Watch
25:22 Ballistics
26:26 Fletching
27:30 Bodkin Arrow
28:37 Padded Archer Armor
28:40 Horse Collar
29:18 Gold Mining
29:48 Town Patrol
30:58 Wheelbarrow
34:21 Imperial Age
32:53 Heavy Plow
34:51 Leather Archer Armor
36:26 Chemistry
34:53 Light Cavalry
36:49 Husbandry
37:06 Crossbowman
38:22 Arbalester
41:38 Conscription
40:38 Elite Longbowman
42:37 Ring Archer Armor
42:07 Bracer
43:24 Caravan
TheB0ldOne
0:29 Loom
10:49 Feudal Age
11:08 Double-Bit Axe
17:37 Castle Age
15:56 Horse Collar
17:24 Stone Mining
18:39 Bow Saw
21:34 Gold Mining
22:21 Heavy Plow
30:52 Imperial Age
28:14 Town Watch
29:38 Wheelbarrow
29:40 Gold Shaft Mining
29:41 Stone Shaft Mining
29:15 Caravan
29:51 Bloodlines
30:05 Husbandry
30:39 Ballistics
29:43 Light Cavalry
30:14 Arson
30:30 Squires
30:59 Hand Cart
30:54 Scale Barding Armor
30:59 Forging
31:54 Conscription
31:00 Cavalier
32:02 Chain Barding Armor
32:26 Iron Casting
32:17 Savar
33:45 Crop Rotation
34:17 Two-Man Saw
36:40 Plate Barding Armor
37:59 Chemistry
38:05 Blast Furnace
40:46 Capped Ram
42:34 Siege Ram
44:49 Elite War Elephant
46:39 Devotion
LaTO
0:44 Loom
12:15 Feudal Age
12:47 Double-Bit Axe
12:45 Horse Collar
23:15 Castle Age
21:56 Stone Mining
22:00 Gold Mining
24:19 Fletching
24:49 Arson
26:19 Caravan
27:28 Gold Shaft Mining
27:20 Bow Saw
28:14 Forging
32:40 Imperial Age
31:21 Fortified Wall
33:27 Stone Shaft Mining
33:42 Wheelbarrow
33:16 Heavy Plow
34:13 Thumb Ring
34:04 Capped Ram
35:26 Elite Fire Lancer
37:03 Hand Cart
37:27 Ballistics
38:01 Siege Ram
40:18 Chemistry
39:16 Bodkin Arrow
40:12 Heavy Scorpion
44:27 Rocketry
44:24 Masonry
46:20 Elite Chu Ko Nu
48:41 Heavy Rocket Cart
BlueWolf
12:24 Loom
13:35 Loom
15:47 Feudal Age
16:40 Double-Bit Axe
19:25 Castle Age
17:49 Fletching
17:40 Horse Collar
26:00 Gold Mining
26:21 Heavy Plow
26:57 Caravan
30:08 Elite Skirmisher
33:56 Imperial Age
31:16 Town Watch
32:51 Forging
32:43 Padded Archer Armor
32:40 Bodkin Arrow
32:51 Scale Barding Armor
33:24 Wheelbarrow
33:32 Thumb Ring
34:09 Bow Saw
33:45 Light Cavalry
34:36 Bloodlines
34:26 Husbandry
35:07 Husbandry
35:45 Ballistics
36:29 Chemistry
37:01 Siege Engineers
36:53 Hussar
40:42 Iron Casting
40:30 Murder Holes
40:46 Masonry
43:08 Bracer
43:24 Leather Archer Armor
43:49 Hand Cart
43:36 Town Patrol
kimboy9420
11:03 Feudal Age
11:31 Horse Collar
11:41 Double-Bit Axe
18:35 Arson
24:02 Castle Age
22:29 Gold Mining
24:13 Wheelbarrow
24:50 Heavy Plow
29:05 Pikeman
30:36 Stone Mining
33:21 Elite Skirmisher
33:23 Crossbowman
34:17 Thumb Ring
35:37 Fortified Wall
36:20 Murder Holes
43:30 Imperial Age
41:21 Light Cavalry
153159
0:43 Loom
11:56 Feudal Age
12:28 Horse Collar
17:53 Castle Age
18:33 Fletching
18:34 Double-Bit Axe
19:19 Padded Archer Armor
19:59 Bodkin Arrow
24:10 Bow Saw
24:39 Leather Archer Armor
27:52 Wheelbarrow
27:45 Ballistics
29:21 Treadmill Crane
31:19 Pikeman
31:24 Light Cavalry
31:52 Elite Skirmisher
35:49 Imperial Age
35:44 Scale Mail Armor
36:19 Coinage
35:49 Murder Holes
36:05 Masonry
36:36 Bracer
37:07 Ring Archer Armor
37:30 Forging
37:21 Elite Longbowman
37:30 Elite Longbowman
38:32 Yeomen
38:33 Conscription
39:47 Light Cavalry
Connection lost

Rejoining the realm…

Still unreachable

The connection could not be restored.

Session expired

The server has moved on; the page needs a fresh start.